 Dungeon Crawl Stone Soup version 0.31-a0-459-gc8a9bf3d51 (webtiles) character file.

Game seed: 7463241443888187617

900 Ethylacetat the Insei (level 8, -5/42 HPs)
             Began as a Vine Stalker Monk on Aug 4, 2023.
             Was an Elder of Dithmenos.
             Slain by a two-headed ogre
             ... wielding a +0 great mace
              (20 damage)
             ... on level 6 of the Dungeon.
             The game lasted 00:09:07 (2876 turns).

Ethylacetat the Insei (Vine Stalker Monk)           Turns: 2876, Time: 00:09:07

Health: -5/42      AC:  2    Str: 13    XL:     8   Next: 7%
Magic:  0/15       EV: 18    Int: 10    God:    Dithmenos [****..]
Gold:   161        SH:  0    Dex: 20    Spells: 13/15 levels left

rFire   . .          .
                       - Unarmed
rCold   . . .        (no shield)
rNeg    . . .        a - +0 robe
rPois   .            (no helmet)
rElec   .            (no cloak)
rCorr   .            (no gloves)
SInv    .            (no boots)
Will    +....        (no amulet)
Stlth   ++           f - +5 ring of evasion
HPRegen 1.07/turn    (no ring)
MPRegen 0.14/turn

%: guardian spirit
@: wreathed by umbra
A: fangs 3, regeneration 1, magic shield, antimagic bite, no potion heal 2
a: Renounce Religion, Shadow Step


You were on level 6 of the Dungeon.
You worshipped Dithmenos.
Dithmenos was greatly pleased with you.
You visited 1 branch of the dungeon, and saw 5 of its levels.
You also visited: Ossuary.

You collected 221 gold pieces.
You spent 60 gold pieces at shops.

Inventory:

Missiles
 c - a throwing net
Armour
 a - a +0 robe (worn)
Jewellery
 f - a +5 ring of evasion (left hand)
 t - a ring of poison resistance
 u - a ring of protection from fire
Scrolls
 b - a scroll of vulnerability {unknown}
 d - 6 scrolls of identify
 e - 3 scrolls of teleportation
 i - a scroll of enchant armour {unknown}
 j - a scroll of enchant weapon {unknown}
 l - 3 scrolls of amnesia {unknown}
 q - a scroll of poison {unknown}
 r - a scroll of noise
 v - 3 scrolls of blinking {unknown}
 x - a scroll of silence {unknown}
Potions
 g - a potion of might {unknown}
 h - a potion of brilliance {unknown}
 k - 2 potions of berserk rage
 m - 2 potions of heal wounds {unknown}
 n - a potion of ambrosia
 o - a potion of lignification {unknown}
 p - 2 potions of attraction {unknown}
 s - a potion of haste {unknown}
 w - a potion of magic {unknown}
 z - a potion of invisibility {unknown}


   Skills:
 + Level 4.8 Fighting
 - Level 2.4 Dodging
 * Level 7.0 Unarmed Combat
 + Level 4.2 Spellcasting


You had 13 spell levels left.
You knew the following spells:

 Your Spells              Type           Power      Damage    Failure   Level
a - Wereblood             Tmut           2%         N/A       36%         2

Your spell library contained the following spells:

 Spells                   Type           Power      Damage    Failure   Level
 Gell's Gravitas          Tloc           2%         N/A       58%         3
 Teleport Other           Tloc           2%         N/A       58%         3
 Irradiate                Conj/Tmut      1%         3d12      100%        5
 Dispersal                Tloc           1%         N/A       100%        6


Dungeon Overview and Level Annotations

Branches:
Dungeon (6/15)            Ossuary (visited)
 Temple: D:4-7

Altars:
Dithmenos
Nemelex Xobeh
Okawaru
Uskayaw

Shops:
D:1 (?


Innate Abilities, Weirdness & Mutations

You have razor-sharp teeth.
Your natural rate of healing is unusually fast.
When hurt, damage is shared between your health and your magic reserves.
Your bite disrupts and absorbs the magic of your enemies.
Potions cannot restore your health.


Message History

You bite the two-headed ogre, but do no damage.
The two-headed ogre is lightly wounded.
The two-headed ogre misses you. The two-headed ogre closely misses you.
You hit the two-headed ogre. You bite the two-headed ogre. You drain its power.
The two-headed ogre is moderately wounded.
You hit the two-headed ogre.
The two-headed ogre is moderately wounded.
The two-headed ogre hits you with a +0 great mace!!
Ouch! That really hurt!
You emit a cloud of dark smoke.
The two-headed ogre closely misses you.
You are too injured to fight recklessly!
You are too injured to fight recklessly!
You are too injured to fight recklessly!
Okay, then.
You see here a +0 ring mail.
Aiming: Paralyse
Press: ? - help, Shift-Dir - straight line, f - two-headed ogre
Aim: a two-headed ogre, wielding a +0 great mace and a +0 giant club (lightly wounded, umbra, chance to affect: 31%)
The two-headed ogre easily resists.
Aiming: Paralyse
Press: ? - help, Shift-Dir - straight line, f/p - two-headed ogre
Aim: a two-headed ogre, wielding a +0 great mace and a +0 giant club (lightly wounded, umbra, chance to affect: 31%)
The two-headed ogre easily resists.
The now-empty wand crumbles to dust.
The two-headed ogre barely misses you.
The two-headed ogre hits you with a +0 giant club!!
You emit a cloud of dark smoke.
You barely miss the two-headed ogre.
The two-headed ogre is lightly wounded.
The two-headed ogre hits you with a +0 great mace!
The two-headed ogre hits you with a +0 giant club!
* * * LOW HITPOINT WARNING * * *
You see here a +0 ring mail.
You hit the two-headed ogre.
The two-headed ogre is lightly wounded.
The two-headed ogre hits you with a +0 great mace!!
The two-headed ogre hits you with a +0 giant club!
Unknown command.
The two-headed ogre attacks as you move away!
The two-headed ogre hits you with a +0 great mace!!
You die...

#.# #.......# #. #.#
#.#.###.######.
####.######.#.#(.....(...
#........##........######
#.##.###.##........#
#.##...............#
#.######.##.#.#...## #.#
#.##.#.###.# #.######@# .
..# #......O.# # ###
##########


You could see a two-headed ogre.

Vanquished Creatures
  A water moccasin (D:5)
  An elf zombie (Ossuary)
  2 scorpions
  3 centaur zombies (Ossuary)
  4 hounds
  Jessica (D:2)
  2 orc wizards (D:5)
  2 ogre zombies (Ossuary)
  7 mummies (Ossuary)
  4 adders
  3 gnolls
  A river rat (D:5)
  A shadow imp (D:6)
  5 adder zombies (Ossuary)
  4 dart slugs
  7 orcs
  5 ball pythons
  4 bats
  7 endoplasms
  3 giant cockroaches
  7 hobgoblins
  2 jackals (D:1)
  A quokka (D:2)
  3 frilled lizards (D:2)
  3 goblins
  5 goblin zombies (Ossuary)
  7 hobgoblin zombies (Ossuary)
  8 kobolds
  3 kobold zombies (Ossuary)
  A quokka zombie (Ossuary)
  2 rats
  5 rat zombies
114 creatures vanquished.

Notes
Turn   | Place    | Note
-------+----------+-------------------------------------------
     0 | D:1      | Ethylacetat the Vine Stalker Monk began the quest for the
                  | Orb.
     0 | D:1      | Reached XP level 1. HP: 11/11 MP: 2/2
    35 | D:1      | Found Pohyxzuf's Weapon Shop.
   111 | D:1      | Reached XP level 2. HP: 11/16 MP: 1/3
   531 | D:1      | Found Xyommadd's Magic Scroll Boutique.
   534 | D:1      | Bought a scroll of noise for 10 gold pieces
   534 | D:1      | Bought a scroll of identify for 20 gold pieces
   534 | D:1      | Bought a scroll of teleportation for 30 gold pieces
   619 | D:2      | Reached skill level 1 in Spellcasting
   641 | D:2      | Reached XP level 3. HP: 19/19 MP: 5/5
   683 | D:2      | Learned a level 2 spell: Wereblood
   808 | D:2      | Found a faded altar of an unknown god.
   820 | D:2      | Prayed at the altar of an unknown god.
   820 | D:2      | Became a worshipper of Dithmenos the Shadowed
   820 | D:2      | Reached * piety under Dithmenos
   820 | D:2      | Reached ** piety under Dithmenos
   852 | D:2      | Reached skill level 4 in Unarmed Combat
   873 | D:2      | Gained mutation: Your natural rate of healing is unusually
                  | fast. [Vine Stalker growth]
   873 | D:2      | Reached XP level 4. HP: 24/24 MP: 7/7
  1022 | D:2      | Reached *** piety under Dithmenos
  1344 | D:3      | Noticed Jessica
  1344 | D:3      | Found a sparkling altar of Nemelex Xobeh.
  1389 | D:2      | Killed Jessica
  1390 | D:2      | Reached XP level 5. HP: 28/28 MP: 5/9
  1421 | D:3      | Found an iron altar of Okawaru.
  1435 | D:3      | You fall into a shaft and drop 2 floors!
  1435 | D:5      | Entered Level 5 of the Dungeon
  1435 | D:5      | Found a hide-covered altar of Uskayaw.
  1443 | D:5      | Found a sand-covered staircase.
  1450 | Ossuary  | Entered an ossuary
  1580 | Ossuary  | Reached skill level 5 in Unarmed Combat
  1580 | Ossuary  | Reached XP level 6. HP: 33/33 MP: 10/10
  1830 | Ossuary  | Reached **** piety under Dithmenos
  1831 | Ossuary  | Reached XP level 7. HP: 23/37 MP: 6/12
  2014 | D:5      | Reached skill level 6 in Unarmed Combat
  2085 | D:5      | Found a glowing drain.
  2669 | D:6      | Gained mutation: You have razor-sharp teeth. [Vine Stalker
                  | growth]
  2669 | D:6      | Reached XP level 8. HP: 35/42 MP: 15/15
  2671 | D:6      | Reached skill level 7 in Unarmed Combat
  2796 | D:6      | Noticed a two-headed ogre
  2876 | D:6      | Slain by a two-headed ogre

Illustrated notes

Levels and vault maps discovered:
D:1:      arrival_zaba_pyramid, layout_rooms, serial_shops,
          nicolae_shop_rolled_up, shop
D:2:      layout_loops_cross, shapermc_ecumenical_altar_flowoftime,
          grunt_decor_cap
D:3:      layout_rooms, grunt_temple_overflow_forces_of_nature,
          mainiacjoe_overflow_alcove_4, nemelex_xobeh_ov_fountains_minmay,
          uniq_jessica
D:5:      layout_cave_pools, overflow_temple_1_default, enter_ossuary_4,
          portal_sewer_entry_b
D:6:      layout_loops_corners, elyvilon_altar_5

Skill      XL: |  1  2  3  4  5  6  7  8 |
---------------+-------------------------+-----
Spellcasting   | 1 2 3 4 |  4.2
Fighting       | 3 4 |  4.8
Unarmed Combat | 4 5 6 7 |  7.0
Dodging        | |  2.4

Action                     |  1- 3 |  4- 6 |  7- 9 || total
---------------------------+-------+-------+-------++-------
  Melee: Unarmed           |   101 |   198 |   139 ||   438
         Bite              |    20 |    71 |    50 ||   141
         Punch             |       |    12 |     4 ||    16
  Evoke: Wand              |       |       |     2 ||     2
    Use: Scroll            |     1 |       |       ||     1
         Potion            |       |     2 |       ||     2
   Stab: Sleeping          |       |     5 |     4 ||     9
         Distracted        |       |       |     2 ||     2
 Armour: Robe              |    11 |    10 |     9 ||    30
  Dodge: Dodged            |    68 |   154 |   142 ||   364

Table legend: (Time is in decaauts)
 A = Elapsed time spent in this place.
 B = Non-inter-level travel time spent in this place.
 C = Inter-level travel time spent in this place.
 D = Time resting spent in this place.
 E = Time spent auto-exploring this place.
 F = Levels seen in this place.
 G = Mean time per level.
                   A        B        C        D        E       F      G
               +--------+--------+--------+--------+--------+-----+--------+
         Total |   2846 |   2791 |     55 |     14 |   1815 |   6 |  474.3 |
       Dungeon |   2362 |   2307 |     55 |      0 |   1609 |   5 |  472.4 |
       Ossuary |    484 |    484 |      0 |     14 |    206 |   1 |  484.0 |
               +--------+--------+--------+--------+--------+-----+--------+

Top non-repeatable levels by time:
     D:2: 772 daAuts
     D:5: 602 daAuts
     D:1: 598 daAuts
 Ossuary: 484 daAuts
     D:6: 334 daAuts
     D:3: 54 daAuts
